 Dungeon Crawl Stone Soup version 0.28.0 (webtiles) character file.

Game seed: 4107855378257373871

746 SnakkuSnakku7 the Cleaver (level 7, 0/61 HPs)
             Began as a Hill Orc Delver on Feb 6, 2022.
             Was an Initiate of Beogh.
             Slain by Prince Ribbit (5 damage)
             ... on level 5 of the Dungeon.
             The game lasted 00:09:26 (5842 turns).

SnakkuSnakku7 the Cleaver (Hill Orc Delver)         Turns: 5842, Time: 00:09:26

Health: 0/61       AC: 13    Str: 17    XL:     7   Next: 77%
Magic:  7/7        EV:  5    Int: 10    God:    Beogh [......]
Gold:   239        SH:  0    Dex: 12    Spells: 6/6 levels left

rFire   . . .      SeeInvis +   a - +0 war axe
rCold   . . .      Faith    .   (no shield)
rNeg    . . .      Spirit   .   C - +0 plate armour
rPois   +          Reflect  .   B - +0 helmet
rElec   .          Harm     .   (no cloak)
rCorr   .          Rampage  .   (no gloves)
Will    +....                   (no boots)
Stlth   ..........              (no amulet)
HPRegen 0.20/turn               n - ring of poison resistance
MPRegen 0.10/turn               E - ring of willpower

@: no status effects
A: iridescent scales 1, see invisible
a: Renounce Religion


You were on level 5 of the Dungeon.
You worshipped Beogh.
Beogh was noncommittal.
You visited 1 branch of the dungeon, and saw 7 of its levels.

You collected 239 gold pieces.

Inventory:

Hand Weapons
 a - a +0 war axe (weapon)
 y - a +0 hand axe
Armour
 b - a +0 leather armour
 z - a +0 ring mail
 A - a +0 scale mail
 B - a +0 helmet (worn)
 C - a +0 plate armour (worn)
Jewellery
 n - a ring of poison resistance (left hand)
 E - a ring of willpower (right hand)
Wands
 g - a wand of digging (1)
 j - a wand of polymorph (2)
Scrolls
 c - 2 scrolls of fog
 d - a scroll of magic mapping
 h - a scroll of torment {unknown}
 k - a scroll of enchant armour {unknown}
 o - a scroll of holy word {unknown}
 q - a scroll of vulnerability
 t - a scroll of blinking {unknown}
 u - 2 scrolls of teleportation
 v - a scroll of brand weapon {unknown}
Potions
 l - a potion of lignification {unknown}
 p - a potion of ambrosia {unknown}
 s - a potion of flight {unknown}
 w - a potion of invisibility {unknown}
 x - a potion of degeneration {unknown}
 F - a potion of magic {unknown}


   Skills:
 - Level 5.4 Fighting
 + Level 8.3 Axes
 - Level 4.0 Throwing
 - Level 1.5 Dodging
 - Level 4.1 Stealth


You had 6 spell levels left.
You didn't know any spells.
Your spell library was empty.

Dungeon Overview and Level Annotations

Branches:
Dungeon (7/15)
 Temple: D:4-7

Altars:

Shops:
D:1 (

Annotations:
D:5 exclusions: black bear and scorpion, Prince Ribbit


Innate Abilities, Weirdness & Mutations

You are partially covered in iridescent scales. (AC +2)
You have supernaturally acute eyesight. (SInv)


Message History

Prince Ribbit blinks!
You slash Prince Ribbit!
Prince Ribbit is heavily wounded.
Prince Ribbit hits you.
You completely miss Prince Ribbit.
Prince Ribbit is heavily wounded.
Prince Ribbit blinks!
Prince Ribbit hits you but does no damage.
There is a stone staircase leading down, spattered with blood here.
You hit Prince Ribbit but do no damage.
Prince Ribbit is heavily wounded.
Prince Ribbit hits you.
Prince Ribbit hits you but does no damage.
You slash Prince Ribbit!
Prince Ribbit is severely wounded.
Prince Ribbit hits you but does no damage.
You miss Prince Ribbit.
Prince Ribbit is severely wounded.
Prince Ribbit blinks!
You barely miss Prince Ribbit. Your punch misses Prince Ribbit.
Prince Ribbit is severely wounded.
Prince Ribbit says, "You're just another fly to me."
Prince Ribbit hits you! x2
You are too injured to fight recklessly!
You are too injured to fight recklessly!
You are too injured to fight recklessly!
You hit Prince Ribbit.
Prince Ribbit is almost dead.
Prince Ribbit blinks!
Prince Ribbit hits you.
You miss Prince Ribbit.
Prince Ribbit is almost dead.
Prince Ribbit hits you!
* * * LOW HITPOINT WARNING * * *
Prince Ribbit hits you!
* * * LOW HITPOINT WARNING * * *
You hit Prince Ribbit.
Prince Ribbit is almost dead.
Prince Ribbit hits you.
You die...

#.###.#####..# #.# #.#
#.# #..# #.# ##### #.#
#.#####..###.# ....#
#.# #.#..........#
###.# #.#
#...###..##### #.# #.#
##### #..# #.# #.#
#.># #.#
#.#########..# #.#
#...>F@......# #.####
############.#
#....#######.....>.lF#
####.........#########
###########


You could see Prince Ribbit.

Vanquished Creatures
  A tengu (D:6)
  An ogre (D:4)
  A bullfrog (D:6)
  A howler monkey (D:5)
  2 jellies
  2 centaur zombies
  3 hounds
  A centaur skeleton (D:5)
  A bullfrog skeleton (D:5)
  2 hound zombies (D:3)
  5 adders
  3 gnolls (D:2)
  A white imp (D:5)
  An adder zombie (D:3)
  2 adder skeletons (D:3)
  2 worms
  2 dart slugs (D:1)
  5 orcs
  7 ball pythons
  4 bats
  4 endoplasms
  5 giant cockroaches
  9 goblins
  3 hobgoblins
  12 jackals
  5 quokkas
  A ball python skeleton (D:3)
  3 frilled lizards
  7 kobolds
  A quokka skeleton (D:3)
  8 rats
105 creatures vanquished.

Vanquished Creatures (others)
  An orc priest (D:6)
  An orc wizard (D:6)
  An orc (D:6)
  3 withered plants (D:3)
6 creatures vanquished.

Grand Total: 111 creatures vanquished

Notes
Turn   | Place    | Note
-------+----------+-------------------------------------------
     0 | D:5      | SnakkuSnakku7 the Hill Orc Delver began the quest for the
                  | Orb.
     0 | D:5      | Reached XP level 1. HP: 19/19 MP: 1/1
    11 | D:5      | Noticed Prince Ribbit
   240 | D:5      | Reached skill level 3 in Axes
   240 | D:5      | Reached XP level 2. HP: 19/28 MP: 2/2
   240 | D:5      | Reached XP level 3. HP: 23/34 MP: 3/3
   371 | D:5      | Noticed a scorpion
   381 | D:5      | Noticed a black bear
   572 | D:5      | Reached skill level 4 in Axes
   672 | D:6      | Reached XP level 4. HP: 24/41 MP: 4/4
   686 | D:6      | Reached skill level 5 in Fighting
   925 | D:4      | Reached skill level 5 in Axes
   925 | D:4      | Reached XP level 5. HP: 32/48 MP: 5/5
  1496 | D:3      | Reached skill level 1 in Throwing
  2027 | D:2      | Found a faded altar of an unknown god.
  2059 | D:1      | Found Wufeomo's Weapon Emporium.
  2229 | D:1      | Reached XP level 6. HP: 50/56 MP: 6/6
  2347 | D:1      | Reached skill level 6 in Axes
  4464 | D:4      | Reached skill level 7 in Axes
  4464 | D:4      | Reached XP level 7. HP: 61/61 MP: 7/7
  4738 | D:5      | Noticed a wraith
  4854 | D:5      | Noticed a hornet
  5225 | D:5      | HP: 3/61 [Prince Ribbit (12)]
  5242 | D:6      | Became a worshipper of Beogh the Brigand
  5243 | D:6      | a hornet changed into a tengu
  5266 | D:6      | Gained mutation: You are partially covered in iridescent
                  | scales. (AC +2) [potion of mutation]
  5266 | D:6      | Gained mutation: You have supernaturally acute eyesight.
                  | (SInv) [potion of mutation]
  5279 | D:6      | HP: 1/60 [orc warrior (8)]
  5613 | D:7      | Noticed a steam dragon
  5734 | D:6      | Reached skill level 8 in Axes
  5842 | D:5      | Slain by Prince Ribbit

Illustrated notes

Levels and vault maps discovered:
D:1:      shiori_arrival_maze, layout_rooms, serial_shops,
          nicolae_shop_statue_plus, nrook_uturn, hex_large,
          minmay_misc_feat_nine_boxes
D:2:      layout_rooms, dreamdust_ecumenical_altar_angels_and_demons
D:3:      layout_basic, serial_undead, serial_undead_b, serial_undead_f,
          serial_undead_e, serial_undead_c, minmay_misc_feat_plants
D:4:      layout_rooms, serial_glass, glass_columns_c, glass_columns_a,
          due_unseen_surprise, feat_on_display, feat_on_display, feat_on_display
D:5:      layout_loops_ring, st_stairs_11, kennysheep_diamond,
          uniq_prince_ribbit1
D:6:      layout_cave_pools
D:7:      layout_rooms, minmay_temple_entry_grid,
          hellmonk_ghost_happy_afterlife, grunt_potential

Skill      XL: |  1  2  3  4  5  6  7 |
---------------+----------------------+-----
Fighting       | 4 5 |  5.4
Axes           | 3 4 5 7 8 |  8.3
Throwing       | 1 3 4 |  4.0
Dodging        | |  1.5
Stealth        | |  4.1

Action                   |  1- 3 |  4- 6 |  7- 9 || total
-------------------------+-------+-------+-------++-------
Melee: Hand axe          |    26 |   306 |       ||   332
       Punch             |       |     4 |     2 ||     6
       War axe           |       |    16 |    81 ||    97
Throw: Dart              |       |     5 |     2 ||     7
Invok: Convert to Beogh  |       |       |     1 ||     1
Evoke: Wand              |       |     1 |     3 ||     4
  Use: Potion            |       |       |     5 ||     5
       Scroll            |       |       |     4 ||     4
 Stab: Sleeping          |     1 |     9 |       ||    10
Armor: Leather armour    |     2 |    68 |       ||    70
       Scale mail        |       |     2 |     2 ||     4
       Plate armour      |       |       |   105 ||   105
Dodge: Dodged            |    17 |   201 |    37 ||   255
